 Dungeon Crawl Stone Soup version 0.28-a0-407-g69098e2f6d (webtiles) character file.

Game seed: 552826324625082871

30 heikuro the Skirmisher (level 3, -1/29 HPs)
             Began as a Formicid Abyssal Knight on Sept 5, 2021.
             Was a Follower of Lugonu.
             Killed by nerve-wracking pain
             ... invoked by Jessica
              (8 damage)
             ... on level 2 of the Dungeon.
             The game lasted 00:02:51 (1301 turns).

heikuro the Skirmisher (Formicid Abyssal Knight)    Turns: 1301, Time: 00:02:52

Health: -1/29      AC:  5    Str: 17    XL:     3   Next: 35%
Magic:  4/4        EV: 10    Int: 11    God:    Lugonu [*.....]
Gold:   59         SH:  0    Dex: 10    Spells: 2/2 levels left

rFire   . . .      SeeInvis +   a - +1 falchion
rCold   . . .      Faith    .   (no shield)
rNeg    . . .      Spirit   .   c - +0 ring mail
rPois   .          Reflect  .   (helmet unavailable)
rElec   .          Harm     .   (no cloak)
rCorr   .          Rampage  .   (no gloves)
Will    .....                   (no boots)
Stlth   ..........              (no amulet)
HPRegen 0.09/turn               (no ring)
MPRegen 0.09/turn               (no ring)

@: lethally poisoned (-1 -> -8)
A: permanent stasis, dig shafts and tunnels, antennae 3, four strong arms
a: Dig, Shaft Self, Renounce Religion, Depart the Abyss


You were on level 2 of the Dungeon.
You worshipped Lugonu.
Lugonu was aware of your devotion.
You visited 1 branch of the dungeon, and saw 2 of its levels.
You visited the Abyss 1 time.

You collected 59 gold pieces.

Inventory:

Hand Weapons
 a - a +1 falchion (weapon)
Armour
 c - a +0 ring mail (worn)
Scrolls
 b - 2 scrolls of identify {unknown}
 d - a scroll of teleportation {unknown}
 g - 2 scrolls of fog {unknown}
Potions
 e - 2 potions of lignification {unknown}
 f - a potion of might {unknown}
 h - a potion of heal wounds {unknown}


   Skills:
 + Level 3.6 Fighting
 * Level 2.6 Long Blades
 + Level 2.6 Armour
 - Level 1.0 Dodging
 + Level 2.6 Invocations


You had 2 spell levels left.
You didn't know any spells.
Your spell library was empty.

Dungeon Overview and Level Annotations

Branches:
Dungeon (2/15)

Altars:

Annotations:
D:2 Jessica


Innate Abilities, Weirdness & Mutations

You cannot be hasted, slowed, berserked, paralysed or teleported.
You can dig through walls and to a lower floor.
You have a pair of large antennae on your head. (SInv)
Your four strong arms can wield two-handed weapons with a shield.


Message History

Found a stone staircase leading up.
Found 16 stones.
You sense a monster nearby.
Jessica the Apprentice Sorceress comes into view.
She is wielding a +1 dagger of venom.
Jessica shouts!
Okay, then.
Okay, then.
Jessica gestures wildly while chanting.
Jessica blinks!
You swing at nothing.
Jessica mumbles something strange.
Jessica mumbles some strange words.
Jessica blinks!
You see here 16 stones.
Jessica gestures at you while chanting.
You barely resist. Jessica barely misses you.
You hit Jessica but do no damage. Jessica closely misses you.
You hit Jessica.
Jessica is severely wounded.
Jessica hits you with a +1 dagger of venom.
You are poisoned.
Jessica barely misses you.
You closely miss Jessica.
Jessica is severely wounded.
You feel very sick.
Jessica points at you and mumbles some strange words.
You barely resist. You hit Jessica.
Jessica is almost dead.
You feel very sick. Jessica gestures at you while chanting.
Pain shoots through your body!
You hit Jessica but do no damage.
Jessica is almost dead.
* * * LOW HITPOINT WARNING * * *
You feel sick.
Jessica points at you and mumbles some strange words.
Pain shoots through your body!
You die...

#...# ######...#
... .... ... ...##
###.# #...# # #
#...# #... .#
#.#<#.###.###.###.
#.#.#.@@..........
#.........(...###
###.####.#.#.##
#.# ##...## #.#
##.## ####.# #.#
##....# ...
#.#..## .....
##.#.# #.....#


You could see Jessica.

Vanquished Creatures
  2 dart slugs (D:1)
  3 ball pythons (D:1)
  3 giant cockroaches (D:1)
  2 goblins
  2 hobgoblins (D:1)
  2 bats (D:1)
  4 frilled lizards (D:1)
  6 kobolds (D:1)
  3 rats (D:1)
27 creatures vanquished.

Vanquished Creatures (others)
  4 toadstools (D:1)
4 creatures vanquished.

Grand Total: 31 creatures vanquished

Notes
Turn   | Place    | Note
-------+----------+-------------------------------------------
     0 | Abyss:1  | heikuro the Formicid Abyssal Knight began the quest for the
                  | Orb.
     0 | Abyss:1  | Reached XP level 1. HP: 18/18 MP: 2/2
   119 | Abyss:1  | Noticed a wretched star
   119 | Abyss:1  | Noticed a ynoxinul
   144 | Abyss:1  | Noticed a ynoxinul
   206 | Abyss:1  | Noticed a sixfirhy
   207 | D:1      | Escaped the Abyss
   406 | D:1      | Reached skill level 1 in Dodging
   421 | D:1      | Found a faded altar of an unknown god.
   425 | D:1      | Reached * piety under Lugonu
   436 | D:1      | Reached XP level 2. HP: 24/24 MP: 3/3
   751 | D:1      | Reached XP level 3. HP: 27/29 MP: 4/4
  1288 | D:2      | Noticed Jessica
  1301 | D:2      | Killed from afar by Jessica

Illustrated notes

Levels and vault maps discovered:
D:1:      ldierk_walled_garden_2, layout_loops_ring,
          chequers_ecumenical_altar_island
D:2:      layout_loops_cross, minmay_tetromino_l4, uniq_crazy_yiuf_cottage,
          uniq_jessica

Skill      XL: |  1 |
---------------+----+-----
Dodging        | 1 |  1.0
Fighting       | |  3.6
Long Blades    | |  2.6
Armour         | |  2.6
Invocations    | |  2.6

Action                   || total
-------------------------++-------
Melee: Falchion          ||    93
Invok: Depart the Abyss  ||     1
 Abil: Dig               ||     1
Armor: Ring mail         ||    37
Dodge: Dodged            ||    58

Table legend: (Time is in decaauts)
 A = Elapsed time spent in this place.
 B = Non-inter-level travel time spent in this place.
 C = Inter-level travel time spent in this place.
 D = Time resting spent in this place.
 E = Time spent auto-exploring this place.
 F = Levels seen in this place.
 G = Mean time per level.
                   A        B        C        D        E       F      G
               +--------+--------+--------+--------+--------+-----+--------+
         Total |   1321 |   1307 |     14 |    250 |    677 |   3 |  440.3 |
       Dungeon |   1113 |   1099 |     14 |    250 |    560 |   2 |  556.5 |
         Abyss |    207 |    207 |      0 |      0 |    117 |   1 |  207.0 |
               +--------+--------+--------+--------+--------+-----+--------+

Top non-repeatable levels by time:
     D:1: 1034 daAuts
 Abyss:1: 207 daAuts
     D:2: 79 daAuts
